 Dungeon Crawl Stone Soup version 0.17-a0-146-gd505748 (webtiles) character file.

91 BluebellGnoll the Sneak (level 4, -4/22 HPs)
             Began as a Spriggan Warper on Mar 25, 2015.
             Slain by Grinder (9 damage)
             ... while paralysed by Grinder
             ... on level 3 of the Dungeon.
             The game lasted 00:10:58 (2337 turns).

BluebellGnoll the Sneak (Spriggan Warper)           Turns: 2337, Time: 00:10:58

Health: -4/22      AC:  3    Str:  7      XL:     4   Next: 33%
Magic:  7/12       EV:  4    Int: 13 (15) God:
Gold:   122        SH:  0    Dex: 15      Spells: 4 memorised, 0 levels left

rFire  . . .     SeeInvis +     a - +0 short sword
rCold  . . .     Clarity  +     b - +0 robe
rNeg   . . .     SustAb   .     (shield restricted)
rPois  .         Gourm    .     (helmet restricted)
rElec  .         Spirit   .     n - +0 cloak
rCorr  .         Warding  .     (gloves unavailable)
rMut   .         Stasis   .     (boots unavailable)
MR     .....                    j - amulet of clarity
Stlth  +++.......               (no ring)
                                (no ring)

@: paralysed, very slightly contaminated, hasted, very quick, not resistant to
hostile enchantments, fairly stealthy
A: unfitting armour, see invisible, herbivore 3, speed 3, slow metabolism 2
a: no special abilities


You were on level 3 of the Dungeon.
You were not hungry.

You visited 1 branch of the dungeon, and saw 3 of its levels.

You collected 122 gold pieces.

Inventory:

Hand weapons
 a - a +0 short sword (weapon)
Missiles
 p - 10 poisoned needles
Armour
 b - a +0 robe (worn)
 n - a +0 cloak (worn)
Jewellery
 g - an uncursed amulet of warding
 j - an amulet of clarity (around neck)
Scrolls
 d - a scroll of blinking
 k - a scroll of remove curse {unknown}
 m - 3 scrolls of teleportation
 r - a scroll of enchant armour {unknown}
 u - a scroll of immolation {unknown}
Potions
 i - 2 potions of ambrosia
 l - a potion of curing
 q - a potion of heal wounds {unknown}
 t - a potion of experience {unknown}
 v - a potion of brilliance {unknown}
Books
 c - a book of Spatial Translocations

   Spells                             Type                      Level
   a - Apportation                    Translocation                1
   b - Blink                          Translocation                2
   c - Shroud of Golubria             Charms/Translocation         2
   d - Portal Projectile              Translocation                3
   e - Teleport Other                 Translocation                3
   f - Passage of Golubria            Translocation                4
Comestibles
 f - 3 bread rations


   Skills:
 - Level 1.5 Fighting
 + Level 3.4 Short Blades
 - Level 1.1 Throwing
 - Level 3.5 Dodging
 - Level 5.1 Stealth
 - Level 2.6 Spellcasting
 - Level 4.4 Translocations


You couldn't memorise any spells.
You knew the following spells:

 Your Spells              Type           Power        Failure   Level  Hunger
a - Apportation           Tloc           ##........   4%          1    #......
b - Blink                 Tloc           N/A          8%          2    ###....
c - Shroud of Golubria    Chrm/Tloc      #.........   17%         2    ###....
d - Teleport Other        Tloc           ##......     12%         3    ###....


Dungeon Overview and Level Annotations

Branches:
Dungeon (3/15)

Altars:
Fedhas
Gozag
Kikubaaqudgha
Trog

Annotations:
D:3 Grinder


Innate Abilities, Weirdness & Mutations

You are tiny and cannot use many weapons and most armour.
You have supernaturally acute eyesight.
You are a herbivore.
You cover ground extremely quickly.
You need consume almost no food.


Message History

You hit Grinder but do no damage. Grinder closely misses you.
You barely miss Grinder. You closely miss Grinder. Grinder hits you.
You writhe in agony.
You hit Grinder but do no damage. Grinder hits you.
You writhe in agony.
* * * LOW HITPOINT WARNING * * *
Casting: Apportation
Confirm with . or Enter, or press ? or * to list all spells.
You miscast Blink.
Nothing appears to happen.
Casting: Blink
Confirm with . or Enter, or press ? or * to list all spells.
You blink.
Casting: Blink
Confirm with . or Enter, or press ? or * to list all spells.
You blink.
Grinder gestures at you.
You suddenly lose the ability to move!
Grinder gestures at you.
You struggle to resist.
Grinder hits you!
You die...

##.## #.# ######...## #)#
#P.P#.....## #.#
##P_P#......## #.##
.#PP.##......# $..#
###...#......# #5.#
###P.P#....#.# #..#
..........##.############..#
#........###....@5.....†...#
####..P### ###############.#
# #..P## .# . ##.PP# .# #
#)_.# .# #PP.# .# ##### .# #


You could see Grinder.

Vanquished Creatures
  4 adders
  A giant mite (D:2)
  2 giant geckos (D:1)
  2 giant cockroaches
  9 goblins
  4 hobgoblins (D:2)
  6 jackals
  5 kobolds
  6 bats
  2 giant newts (D:2)
  4 rats
45 creatures vanquished.

Notes
Turn   | Place    | Note
--------------------------------------------------------------
     0 | D:1      | BluebellGnoll, the Spriggan Warper, began the quest for the Orb.
     0 | D:1      | Reached XP level 1. HP: 10/10 MP: 4/4
    26 | D:1      | Reached skill level 1 in Stealth
   132 | D:1      | Reached XP level 2. HP: 14/14 MP: 7/7
   136 | D:1      | Learned a level 2 spell: Blink
   888 | D:2      | Learned a level 2 spell: Shroud of Golubria
   909 | D:2      | Reached XP level 3. HP: 18/18 MP: 9/9
  1517 | D:2      | Found a bloodstained altar of Trog.
  1718 | D:2      | Found an opulent altar of Gozag.
  1725 | D:2      | Reached skill level 5 in Stealth
  1725 | D:2      | Reached XP level 4. HP: 18/22 MP: 12/12
  1730 | D:2      | Learned a level 3 spell: Teleport Other
  2077 | D:3      | Found a blossoming altar of Fedhas.
  2078 | D:3      | Found an ancient bone altar of Kikubaaqudgha.
  2118 | D:3      | Noticed Grinder
  2332 | D:3      | Paralysed by Grinder for 7 turns
  2337 | D:3      | Slain by Grinder

Action                   |  1- 3 |  4- 6 || total
-------------------------+-------+-------++-------
Melee: Short sword       |   162 |    42 ||   204
Throw: Tomahawk          |     5 |       ||     5
 Cast: Apportation       |     6 |     2 ||     8
       Blink             |       |     2 ||     2
  Use: Potion            |       |     6 ||     6
       Scroll            |       |     4 ||     4
 Stab: Sleeping          |     2 |     1 ||     3
       Distracted        |     1 |       ||     1
